3L
QUEBEC CITY LES BLEUS @ KINGSTON TOWNSHIP LEGION
08/31/2032
 
TOP OF THE 1ST
Quebec City Les Bleus batting - Pitching for Kingston Township Legion : RHP Octávio Moya
Pitching: RHP Octávio Moya
Batting: RHB Reg Spiers 0-0: SINGLE (Groundball, 56D)
Batting: LHB Jeff Simpson 0-0: Ball
1-0: Ball
2-0: Called Strike
2-1: Fielders Choice at 2nd, 3-6 (Groundball, 3)
Batting: LHB Scott Janousek 0-0: Fly out, F9 (Line Drive, 9)
Batting: LHB Atílio Mansilhas 0-0: Ball
1-0: 2-RUN HOME RUN (Flyball, 9LD), Distance : 360 ft
Batting: RHB Kumanosuke Asano 0-0: Ball
1-0: Called Strike
1-1: Swinging Strike
1-2: Strikes out swinging
Top of the 1st over - 2 runs, 2 hits, 0 errors, 0 left on base; Quebec City 2 - Kingston Township 0
BOTTOM OF THE 1ST
Kingston Township Legion batting - Pitching for Quebec City Les Bleus : RHP Miguel Álvarez
Pitching: RHP Miguel Álvarez
Batting: RHB Juanito González 0-0: Ground out 1-3 (Groundball, 15S)
Batting: RHB Alfredo Cardenas 0-0: Ball
1-0: Swinging Strike
1-1: Ball
2-1: Swinging Strike
2-2: DOUBLE (Flyball, 7LD)
Batting: LHB Terrence Eler 0-0: Foul Ball, location: 2F
0-1: Fly out, F5 (Popup, 56)
Batting: RHB Ron Bernard 0-0: Ball
1-0: Ball
2-0: Called Strike
2-1: Foul Ball, location: 2F
2-2: Ball
3-2: SINGLE (Groundball, 34S) (infield hit)
Alfredo Cardenas to third
Batting: RHB Scott Robertson 0-0: Called Strike
0-1: Fly out, F8 (Flyball, 8LM)
Bottom of the 1st over - 0 runs, 2 hits, 0 errors, 2 left on base; Quebec City 2 - Kingston Township 0
TOP OF THE 2ND
Quebec City Les Bleus batting - Pitching for Kingston Township Legion : RHP Octávio Moya
Batting: LHB Raúl Aguirre 0-0: Ball
1-0: Ground out 4-3 (Groundball, 34)
Batting: RHB Cam MacIntosh 0-0: Foul Ball, location: 2F
0-1: Ball
1-1: Ball
2-1: Ball
3-1: Foul Ball, location: 2F
3-2: Reached on error, E5 (Groundball, 56)
Batting: SHB Stan St. John 0-0: Ball
1-0: Foul Ball, location: 2F
1-1: Ball
2-1: Called Strike
2-2: Foul Ball, location: 2F
2-2: Foul Ball, location: 2F
2-2: Ball
3-2: Strikes out looking
Batting: RHB Stan Pagnotta 0-0: Foul Ball, location: 2F
0-1: Ball
1-1: Ball
2-1: Ball
3-1: Base on Balls
Batting: RHB Reg Spiers 0-0: Ball
1-0: Ball
2-0: Ball
3-0: Base on Balls
Cam MacIntosh to third
Stan Pagnotta to second
Batting: LHB Jeff Simpson 0-0: Ground out 1-3 (Groundball, P)
Top of the 2nd over - 0 runs, 0 hits, 1 error, 3 left on base; Quebec City 2 - Kingston Township 0
BOTTOM OF THE 2ND
Kingston Township Legion batting - Pitching for Quebec City Les Bleus : RHP Miguel Álvarez
Batting: LHB Mike Gardner 0-0: Ball
1-0: Ball
2-0: Ball
3-0: Called Strike
3-1: Foul Ball, location: 2F
3-2: Base on Balls
Batting: RHB Júlio Rodríguez 0-0: Ball
1-0: Ball
Mike Gardner steals 2nd base
2-0: Ground out 1-3 (Groundball, 15)
Batting: LHB Ruben Yim 0-0: Ball
1-0: Ball
2-0: Ball
3-0: Called Strike
3-1: Base on Balls
Batting: RHB José Icaza 0-0: Foul Ball, location: 2F
0-1: Ball
1-1: Foul Ball, location: 2F
1-2: Foul Ball, location: 2F
1-2: Ground out 5-3 (Groundball, 5S)
Mike Gardner to third
Ruben Yim to second
Batting: RHB Juanito González 0-0: Ball
1-0: Ball
2-0: Swinging Strike
2-1: Ball
3-1: Base on Balls
Batting: RHB Alfredo Cardenas 0-0: Ball
1-0: Ball
2-0: Ball
3-0: Base on Balls
Mike Gardner scores
Ruben Yim to third
Juanito González to second
Batting: LHB Terrence Eler 0-0: Ball
1-0: Fly out, F9 (Flyball, 89M)
Bottom of the 2nd over - 1 run, 0 hits, 0 errors, 3 left on base; Quebec City 2 - Kingston Township 1
TOP OF THE 3RD
Quebec City Les Bleus batting - Pitching for Kingston Township Legion : RHP Octávio Moya
Batting: LHB Scott Janousek 0-0: Ball
1-0: Swinging Strike
1-1: Ball
2-1: Swinging Strike
2-2: Ball
3-2: Base on Balls
Batting: LHB Atílio Mansilhas 0-0: Ball
1-0: Ball
2-0: SINGLE (Flyball, 8LM)
Scott Janousek to second
Runner from 2nd tries for 3rd, SAFE, no throw
Batting: RHB Kumanosuke Asano 0-0: Ball
1-0: Ball
2-0: Fly out, F7 (Line Drive, 7D)
Runner from 3rd tags up, SCORES, throw made
Batting: LHB Raúl Aguirre 0-0: Ball
1-0: Called Strike
1-1: Called Strike
1-2: SINGLE (Groundball, 34D)
Atílio Mansilhas to second
Runner from 2nd tries for 3rd, SAFE, no throw
Batting: RHB Cam MacIntosh 0-0: Ball
1-0: Called Strike
1-1: Foul Ball, location: 2F
1-2: Foul Ball, location: 2F
1-2: Ball
2-2: Strikes out swinging
Batting: SHB Stan St. John 0-0: Ball
1-0: Foul Ball, location: 2F
1-1: SINGLE (Groundball, 6MD)
Atílio Mansilhas scores
Raúl Aguirre to second
Batting: RHB Stan Pagnotta 0-0: Called Strike
0-1: Hit by Pitch
Raúl Aguirre to third
Stan St. John to second
Batting: RHB Reg Spiers 0-0: Called Strike
0-1: Ball
1-1: Fly out, F8 (Flyball, 8LM)
Top of the 3rd over - 2 runs, 3 hits, 0 errors, 3 left on base; Quebec City 4 - Kingston Township 1
BOTTOM OF THE 3RD
Kingston Township Legion batting - Pitching for Quebec City Les Bleus : RHP Miguel Álvarez
Batting: RHB Ron Bernard 0-0: Foul Ball, location: 2F
0-1: Ball
1-1: Ball
2-1: Called Strike
2-2: Foul Ball, location: 2F
2-2: Foul Ball, location: 2F
2-2: Foul Ball, location: 2F
2-2: Ball
3-2: Fly out, F4 (Line Drive, 4)
Batting: RHB Scott Robertson 0-0: Foul Ball, location: 2F
0-1: Fly out, F8 (Flyball, 8RS)
Batting: LHB Mike Gardner 0-0: Called Strike
0-1: Ball
1-1: Foul Ball, location: 2F
1-2: Foul Ball, location: 2F
1-2: Ball
2-2: Foul Ball, location: 2F
2-2: Ball
3-2: Base on Balls
Batting: RHB Júlio Rodríguez 0-0: Ball
1-0: Ground out 4-3 (Groundball, 4)
Bottom of the 3rd over - 0 runs, 0 hits, 0 errors, 1 left on base; Quebec City 4 - Kingston Township 1
TOP OF THE 4TH
Quebec City Les Bleus batting - Pitching for Kingston Township Legion : RHP Octávio Moya
Batting: LHB Jeff Simpson 0-0: Ball
1-0: Ball
2-0: Ball
3-0: Ground out 5-3 (Groundball, 5)
Batting: LHB Scott Janousek 0-0: Foul Ball, location: 2F
0-1: Called Strike
0-2: Foul Ball, location: 2F
0-2: Ground out 6-3 (Groundball, 6)
Batting: LHB Atílio Mansilhas 0-0: Ball
1-0: Ground out 6-3 (Groundball, 6)
Top of the 4th over - 0 runs, 0 hits, 0 errors, 0 left on base; Quebec City 4 - Kingston Township 1
BOTTOM OF THE 4TH
Kingston Township Legion batting - Pitching for Quebec City Les Bleus : RHP Miguel Álvarez
Batting: LHB Ruben Yim 0-0: Called Strike
0-1: Ball
1-1: Ball
2-1: Bunt missed!
2-2: Foul Ball, location: 2F
2-2: Foul Ball, location: 2F
2-2: Foul Ball, location: 2F
2-2: Ground out 6-3 (Groundball, 6)
Batting: RHB José Icaza 0-0: Ball
1-0: Foul Ball, location: 2F
1-1: Ball
2-1: Foul Ball, location: 2F
2-2: Ball
3-2: Base on Balls
Batting: RHB Juanito González 0-0: Fly out, F7 (Flyball, 78M)
Batting: RHB Alfredo Cardenas 0-0: Swinging Strike
0-1: Called Strike
0-2: Foul Ball, location: 2F
0-2: Ball
1-2: Foul Ball, location: 2F
1-2: 2-RUN HOME RUN (Flyball, 7D), Distance : 421 ft
Batting: LHB Terrence Eler 0-0: Ground out 6-3 (Groundball, 6)
Bottom of the 4th over - 2 runs, 1 hit, 0 errors, 0 left on base; Quebec City 4 - Kingston Township 3
TOP OF THE 5TH
Quebec City Les Bleus batting - Pitching for Kingston Township Legion : RHP Octávio Moya
Batting: RHB Kumanosuke Asano 0-0: Called Strike
0-1: Foul Ball, location: 2F
0-2: Ball
1-2: Ball
2-2: Foul Ball, location: 2F
2-2: Ground out 6-3 (Groundball, 6)
Batting: LHB Raúl Aguirre 0-0: Fly out, F7 (Flyball, 78D)
Batting: RHB Cam MacIntosh 0-0: Called Strike
0-1: Ball
1-1: Swinging Strike
1-2: Ball
2-2: Strikes out swinging
Top of the 5th over - 0 runs, 0 hits, 0 errors, 0 left on base; Quebec City 4 - Kingston Township 3
BOTTOM OF THE 5TH
Kingston Township Legion batting - Pitching for Quebec City Les Bleus : RHP Miguel Álvarez
Batting: RHB Ron Bernard 0-0: Ball
1-0: Foul Ball, location: 2F
1-1: SINGLE (Groundball, 34D)
Batting: RHB Scott Robertson 0-0: Called Strike
0-1: Ball
1-1: Ball
2-1: Fly out, F7 (Flyball, 78M)
Batting: LHB Mike Gardner 0-0: Called Strike
0-1: Ball
1-1: Ball
2-1: Ball
3-1: Called Strike
3-2: Foul Ball, location: 2F
3-2: Foul Ball, location: 2F
3-2: Base on Balls
Ron Bernard to second
Batting: RHB Júlio Rodríguez 0-0: Grounds into double play, 3-6-3 (Groundball, 34)
Bottom of the 5th over - 0 runs, 1 hit, 0 errors, 1 left on base; Quebec City 4 - Kingston Township 3
TOP OF THE 6TH
Quebec City Les Bleus batting - Pitching for Kingston Township Legion : RHP Octávio Moya
Batting: SHB Stan St. John 0-0: SOLO HOME RUN (Flyball, 9LD), Distance : 368 ft
Batting: RHB Stan Pagnotta 0-0: Ball
1-0: DOUBLE (Groundball, 5L)
Batting: RHB Reg Spiers 0-0: Called Strike
0-1: Called Strike
0-2: Foul Ball, location: 2F
0-2: Foul Ball, location: 2F
0-2: Foul Ball, location: 2F
0-2: SINGLE (Line Drive, 89S)
Stan Pagnotta to third
Batting: LHB Jeff Simpson 0-0: Called Strike
0-1: Swinging Strike
0-2: Strikes out swinging
Batting: LHB Scott Janousek 0-0: Called Strike
Throwing error on steal attempt, E2
Stan Pagnotta scores
Reg Spiers to third
0-1: Ball
1-1: Swinging Strike
1-2: Foul Ball, location: 2F
1-2: Ball
2-2: Fly out, F7 (Flyball, 7S)
Pitching: LHP Il-young Kim
Batting: LHB Atílio Mansilhas 0-0: Called Strike
0-1: Ball
1-1: Fly out, F9 (Flyball, 9S)
Top of the 6th over - 2 runs, 3 hits, 1 error, 1 left on base; Quebec City 6 - Kingston Township 3
BOTTOM OF THE 6TH
Kingston Township Legion batting - Pitching for Quebec City Les Bleus : RHP Miguel Álvarez
Batting: LHB Ruben Yim 0-0: Ground out 6-3 (Groundball, 6M)
Batting: RHB José Icaza 0-0: Foul Ball, location: 2F
0-1: Ball
1-1: SINGLE (Groundball, 6D)
Pitching: RHP Stanley Eldrige
Batting: RHB Juanito González 0-0: Called Strike
0-1: Swinging Strike
0-2: Reached on error, E6 (Groundball, 6S)
José Icaza to third
Batting: RHB Alfredo Cardenas 0-0: Ball
1-0: Called Strike
1-1: Ball
2-1: Ball
3-1: Called Strike
3-2: Strikes out swinging
Batting: LHB Terrence Eler 0-0: Foul Ball, location: 2F
0-1: Foul Ball, location: 2F
0-2: Foul Ball, location: 2F
0-2: Ball
1-2: Ball
2-2: SINGLE (Groundball, 6M) (infield hit)
José Icaza scores
Juanito González to third
Batting: RHB Ron Bernard 0-0: Called Strike
0-1: Ball
1-1: Foul Ball, location: 2F
1-2: Ball
2-2: Foul Ball, location: 2F
2-2: Ball
3-2: 3-RUN HOME RUN (Line Drive, 7D), Distance : 427 ft
Pitching: RHP José Barquero
Batting: RHB Scott Robertson 0-0: Ground out 5-3 (Groundball, 56)
Bottom of the 6th over - 4 runs, 3 hits, 1 error, 0 left on base; Quebec City 6 - Kingston Township 7
TOP OF THE 7TH
Quebec City Les Bleus batting - Pitching for Kingston Township Legion : LHP Il-young Kim
Batting: RHB Kumanosuke Asano 0-0: Called Strike
0-1: Ball
1-1: Swinging Strike
1-2: Ground out 5-3 (Groundball, 56)
Batting: LHB Raúl Aguirre 0-0: Foul Ball, location: 2F
0-1: Fly out, F4 (Line Drive, 4M)
Batting: RHB Cam MacIntosh 0-0: Called Strike
0-1: Ball
1-1: Ground out 6-3 (Groundball, 6M)
Top of the 7th over - 0 runs, 0 hits, 0 errors, 0 left on base; Quebec City 6 - Kingston Township 7
BOTTOM OF THE 7TH
Kingston Township Legion batting - Pitching for Quebec City Les Bleus : RHP José Barquero
Batting: LHB Mike Gardner 0-0: Ground out U3 (Groundball, 3)
Batting: RHB Júlio Rodríguez 0-0: Ground out 3-1 (Groundball, 34)
Batting: LHB Ruben Yim 0-0: Ball
1-0: Ball
2-0: SINGLE (Line Drive, 89M)
Batting: RHB José Icaza 0-0: Ball
1-0: Foul Ball, location: 2F
1-1: Ball
2-1: Ball
3-1: Foul Ball, location: 2F
3-2: Foul Ball, location: 2F
3-2: Ground out 6-3 (Groundball, 6)
Bottom of the 7th over - 0 runs, 1 hit, 0 errors, 1 left on base; Quebec City 6 - Kingston Township 7
TOP OF THE 8TH
Quebec City Les Bleus batting - Pitching for Kingston Township Legion : LHP Il-young Kim
Batting: SHB Stan St. John 0-0: Called Strike
0-1: Foul Ball, location: 2F
0-2: Fly out, F3 (Popup, 34S)
Batting: RHB Stan Pagnotta 0-0: Ball
1-0: Foul Ball, location: 2F
1-1: Swinging Strike
1-2: Foul Ball, location: 2F
1-2: Strikes out swinging
Batting: RHB Reg Spiers 0-0: Ball
1-0: Ball
2-0: Foul Ball, location: 2F
2-1: Swinging Strike
2-2: Strikes out swinging
Top of the 8th over - 0 runs, 0 hits, 0 errors, 0 left on base; Quebec City 6 - Kingston Township 7
BOTTOM OF THE 8TH
Kingston Township Legion batting - Pitching for Quebec City Les Bleus : RHP José Barquero
Batting: RHB Juanito González 0-0: Ball
1-0: Ball
2-0: Ball
3-0: Base on Balls
Batting: RHB Alfredo Cardenas 0-0: Called Strike
0-1: Ball
Wild Pitch!
Juanito González to second
1-1: Called Strike
Juanito González steals 3rd base
1-2: Strikes out looking
Batting: LHB Terrence Eler 0-0: Swinging Strike
0-1: Ball
1-1: Foul Ball, location: 2F
1-2: Strikes out swinging
Batting: RHB Ron Bernard 0-0: Ball
1-0: Called Strike
1-1: Ball
2-1: Fly out, F9 (Flyball, 9)
Bottom of the 8th over - 0 runs, 0 hits, 0 errors, 1 left on base; Quebec City 6 - Kingston Township 7
TOP OF THE 9TH
Quebec City Les Bleus batting - Pitching for Kingston Township Legion : LHP Il-young Kim
Pitching: RHP John Riggleman
Batting: LHB Jeff Simpson 0-0: Called Strike
0-1: Ball
1-1: Foul Ball, location: 2F
1-2: Foul Ball, location: 2F
1-2: Ball
2-2: Ground out 4-3 (Groundball, 4M)
Batting: LHB Scott Janousek 0-0: Ball
1-0: SINGLE (Line Drive, 4D)
Batting: LHB Atílio Mansilhas 0-0: Called Strike
0-1: Ball
1-1: Foul Ball, location: 2F
1-2: Foul Ball, location: 2F
1-2: SINGLE (Groundball, 56D)
Scott Janousek to second
Batting: RHB Kumanosuke Asano 0-0: Called Strike
0-1: Foul Ball, location: 2F
0-2: Ball
1-2: SINGLE (Flyball, 78S)
Scott Janousek to third
Atílio Mansilhas to second
Runner from 3rd tries for Home, SAFE, throw made at trailing runner, OUT at third!
Batting: LHB Raúl Aguirre 0-0: Ball
1-0: Ground out U3 (Groundball, 3)
Top of the 9th over - 1 run, 3 hits, 0 errors, 1 left on base; Quebec City 7 - Kingston Township 7
BOTTOM OF THE 9TH
Kingston Township Legion batting - Pitching for Quebec City Les Bleus : RHP José Barquero
Now at 1B: Jorge Salgado
Batting: RHB Scott Robertson 0-0: Called Strike
0-1: Ball
1-1: Ball
2-1: Foul Ball, location: 2F
2-2: Ball
3-2: SINGLE (Groundball, 6MD)
Pinch Runner at 1st Elia Amberezzio:
Batting: LHB Mike Gardner 0-0: Called Strike
0-1: Called Strike
0-2: Ball
Elia Amberezzio steals 2nd base
1-2: Foul Ball, location: 2F
1-2: Ball
2-2: Ground out 6-3 (Groundball, 6)
Batting: RHB Júlio Rodríguez 0-0: Called Strike
0-1: Fly out, F9 (Flyball, 89D)
Runner from 2nd tags up, SAFE at 3rd, no throw
Batting: LHB Ruben Yim 0-0: Foul Ball, location: 2F
0-1: Ball
1-1: Foul Ball, location: 2F
1-2: Ball
2-2: Foul Ball, location: 2F
2-2: Foul Ball, location: 2F
2-2: Strikes out swinging
Bottom of the 9th over - 0 runs, 1 hit, 0 errors, 1 left on base; Quebec City 7 - Kingston Township 7
TOP OF THE 10TH
Quebec City Les Bleus batting - Pitching for Kingston Township Legion : RHP John Riggleman
Pitching: RHP Anthony Ledesma
Now at 3B: Elia Amberezzio
Batting: RHB Cam MacIntosh 0-0: Called Strike
0-1: Ball
1-1: Ball
2-1: Ball
3-1: Base on Balls
Batting: SHB Stan St. John 0-0: Called Strike
0-1: Reached on error, E4 (Groundball, 34)
Cam MacIntosh to second
Batting: RHB Stan Pagnotta 0-0: Called Strike
0-1: Called Strike
0-2: Ball
1-2: Ball
2-2: Ball
3-2: Fly out, F3 (Popup, 34)
Batting: RHB Reg Spiers 0-0: Ball
1-0: Ball
2-0: Foul Ball, location: 2F
2-1: Swinging Strike
2-2: Ball
3-2: Strikes out looking
Batting: LHB Jeff Simpson 0-0: Ball
1-0: TRIPLE (Flyball, 89XD)
Cam MacIntosh scores
Stan St. John scores
Batting: LHB Scott Janousek 0-0: Ball
1-0: Ball
2-0: Ball
3-0: Base on Balls
Batting: RHB Jorge Salgado 0-0: Foul Ball, location: 2F
0-1: Ball
1-1: Ball
2-1: Swinging Strike
2-2: Strikes out swinging, 2-3 out at first.
Top of the 10th over - 2 runs, 1 hit, 1 error, 2 left on base; Quebec City 9 - Kingston Township 7
BOTTOM OF THE 10TH
Kingston Township Legion batting - Pitching for Quebec City Les Bleus : RHP José Barquero
Pitching: RHP Matt Digby
Batting: RHB José Icaza 0-0: Ball
1-0: Called Strike
1-1: SINGLE (Groundball, 6MD)
Batting: RHB Juanito González 0-0: Ball
1-0: Ball
2-0: Called Strike
2-1: Swinging Strike
2-2: SINGLE (Line Drive, 78M)
José Icaza to second
Pinch Runner at 2nd António González:
Batting: RHB Alfredo Cardenas 0-0: Ball
1-0: DOUBLE (Flyball, 78XD)
António González scores
Juanito González to third
Runner from 3rd tries for Home, SAFE, no throw
Batting: LHB Terrence Eler 0-0: Called Strike
0-1: Swinging Strike
0-2: Ball
1-2: Strikes out swinging
Batting: RHB Ron Bernard 0-0: Intentional Walk
Pinch Hitting: RHB Clarence Neal 0-0: Called Strike
0-1: Ball
1-1: Grounds into double play, 6-4-3 (Groundball, 6)
Bottom of the 10th over - 2 runs, 3 hits, 0 errors, 1 left on base; Quebec City 9 - Kingston Township 9
TOP OF THE 11TH
Quebec City Les Bleus batting - Pitching for Kingston Township Legion : RHP Anthony Ledesma
Pitching: RHP Yosuke Takahashi
Now at C: Clarence Neal
Now at 3B: António González
Batting: RHB Kumanosuke Asano 0-0: Ball
1-0: Ball
2-0: Ball
3-0: Base on Balls
Batting: LHB Raúl Aguirre 0-0: Swinging Strike
0-1: Foul Ball, location: 2F
0-2: Ball
1-2: Foul Ball, location: 2F
1-2: Ball
2-2: Foul Ball, location: 2F
2-2: Strikes out looking
Batting: RHB Cam MacIntosh 0-0: Foul Ball, location: 2F
0-1: Called Strike
0-2: Ball
1-2: Foul Ball, location: 2F
1-2: Ball
2-2: Ball
3-2: Foul Ball, location: 2F
3-2: Foul Ball, location: 2F
3-2: Foul Ball, location: 2F
3-2: Foul Ball, location: 2F
3-2: Base on Balls
Kumanosuke Asano to second
Batting: SHB Stan St. John 0-0: Foul Ball, location: 2F
0-1: Ball
1-1: Called Strike
1-2: Ball
2-2: Foul Ball, location: 2F
2-2: Strikes out swinging
Batting: RHB Stan Pagnotta 0-0: Called Strike
0-1: Ball
1-1: Ball
2-1: Ball
3-1: Foul Ball, location: 2F
3-2: Ground out 4-3 (Groundball, 4)
Top of the 11th over - 0 runs, 0 hits, 0 errors, 2 left on base; Quebec City 9 - Kingston Township 9
BOTTOM OF THE 11TH
Kingston Township Legion batting - Pitching for Quebec City Les Bleus : RHP Matt Digby
Pitching: RHP Carlos Garza
Batting: LHB Mike Gardner 0-0: Ball
1-0: Called Strike
1-1: Foul Ball, location: 2F
1-2: Foul Ball, location: 2F
1-2: Ball
2-2: Ball
3-2: SINGLE (Groundball, 4MD)
Batting: RHB Júlio Rodríguez 0-0: Bunted foul
0-1: Ball
1-1: Sac Bunt - play at first, batter OUT! 1-4
Mike Gardner to second
Batting: LHB Ruben Yim 0-0: Called Strike
0-1: Called Strike
0-2: Ball
1-2: Ball
2-2: Ground out 6-3 (Groundball, 6M)
Mike Gardner to third
Batting: LHB António González 0-0: Ball
1-0: Ball
2-0: Called Strike
2-1: Foul Ball, location: 2F
2-2: Ground out U3 (Groundball, 3L)
Bottom of the 11th over - 0 runs, 1 hit, 0 errors, 1 left on base; Quebec City 9 - Kingston Township 9
TOP OF THE 12TH
Quebec City Les Bleus batting - Pitching for Kingston Township Legion : RHP Yosuke Takahashi
Pitching: RHP Francisco García
Batting: RHB Reg Spiers 0-0: Called Strike
0-1: Ground out 6-3 (Groundball, 6S)
Batting: LHB Jeff Simpson 0-0: SINGLE (Flyball, 8LS)
Batting: LHB Scott Janousek 0-0: Called Strike
0-1: Ball
1-1: Ball
2-1: Foul Ball, location: 2F
2-2: Fly out, F7 (Flyball, 7S)
Batting: RHB Jorge Salgado 0-0: Ball
1-0: Swinging Strike
1-1: Ball
2-1: Called Strike
2-2: Foul Ball, location: 2F
2-2: Foul Ball, location: 2F
2-2: Fly out, F6 (Line Drive, 6)
Top of the 12th over - 0 runs, 1 hit, 0 errors, 1 left on base; Quebec City 9 - Kingston Township 9
BOTTOM OF THE 12TH
Kingston Township Legion batting - Pitching for Quebec City Les Bleus : RHP Carlos Garza
Batting: RHB Juanito González 0-0: Called Strike
0-1: Ball
1-1: Single, Error in OF, E7, batter to second base
Batting: RHB Alfredo Cardenas 0-0: Swinging Strike
0-1: 2-RUN HOME RUN (Flyball, 78XD), Distance : 448 ft
Wednesday, September 19th, 2018 - OOTP Baseball 18.8 Build 76